 Dungeon Crawl Stone Soup version 0.22-a0-147-gfdd7f25 (webtiles) character file.

2683 varam the Grappler (level 9, -4/89 HPs)
             Began as a Troll Wizard on Feb 6, 2018.
             Was a Priest of Okawaru.
             Slain by a small abomination (17 damage)
             ... on level 6 of the Dungeon on Feb 7, 2018.
             The game lasted 00:18:14 (5309 turns).

varam the Grappler (Troll Wizard)                   Turns: 5309, Time: 00:18:14

Health: -4/89      AC:  7    Str: 17    XL:     9   Next: 37%
Magic:  11/11      EV:  9    Int: 17    God:    Okawaru [***...]
Gold:   393        SH:  0    Dex:  8    Spells: 9/12 levels left

rFire    + . .     SeeInvis .     - Unarmed
rCold    . . .     Gourm    +   (no shield)
rNeg     + . .     Faith    .   o - +2 robe {rN+}
rPois    .         Spirit   .   b - +0 hat
rElec    .         Reflect  .   (no cloak)
rCorr    .         Harm     .   (gloves unavailable)
MR       .....                  (boots unavailable)
Stlth    +.........             q - amulet of magic regeneration
HPRegen  0.64/turn              k - ring of protection from fire
MPRegen  0.37/turn              (no ring)

@: drained
A: large, unfitting armour, claws 3, fast metabolism 3, gourmand, regeneration
1, shaggy fur 1, tough skin 2
a: Heroism, Renounce Religion


You were on level 6 of the Dungeon.
You worshipped Okawaru.
Okawaru was most pleased with you.
You were very full.

You visited 1 branch of the dungeon, and saw 7 of its levels.
You visited the Abyss 1 time.

You collected 393 gold pieces.

Inventory:

Missiles
 e - a throwing net
 t - 5 poisoned tomahawks
 A - 4 silver tomahawks (quivered)
Armour
 b - a +0 hat (worn)
 o - a +2 robe of positive energy (worn)
Jewellery
 a - an uncursed ring of ice
 k - a ring of protection from fire (left claw)
 q - an amulet of magic regeneration (around neck)
Wands
 n - a wand of digging (20)
 p - a wand of flame (46)
Scrolls
 h - a scroll of enchant armour {unknown}
 j - 3 scrolls of remove curse
 m - a scroll of fear {unknown}
 v - a scroll of amnesia {unknown}
 w - 3 scrolls of blinking {unknown}
 x - a scroll of fog {unknown}
 y - a scroll of enchant weapon {unknown}
 z - a scroll of torment {unknown}
Potions
 l - 2 potions of mutation
 r - a potion of lignification
 s - a potion of haste
 u - a potion of might {unknown}
Books
 c - a book of Minor Magic

   Spells                             Type                      Level
   a - Magic Dart                     Conjuration                  1
   b - Blink                          Translocation                2
   c - Call Imp                       Summoning                    2
   d - Slow                           Hexes                        2
   e - Conjure Flame                  Conjuration/Fire             3
   f - Mephitic Cloud                 Conjuration/Poison/Air       3
Comestibles
 d - 10 rations
 g - 4 chunks of flesh


   Skills:
 + Level 5.9(5.8) Fighting
 - Level 1.5(1.4) Dodging
 - Level 1.0(0.9) Stealth
 - Level 8.2(8.0) Unarmed Combat
 - Level 2.0(1.8) Spellcasting
 - Level 0.6(0.4) Conjurations
 - Level 5.0(4.9) Summonings
   Level 0.6(0.4) Translocations


You had 9 spell levels left.
You knew the following spells:

 Your Spells              Type           Power        Failure   Level  Hunger
a - Magic Dart            Conj           #...         16%         1    #......
b - Call Imp              Summ           ###.....     3%          2    ###....


Dungeon Overview and Level Annotations

Branches:
Dungeon (7/15)             Temple (0/1) D:6

Altars:
Cheibriados
Hepliaklqana
Kikubaaqudgha
Makhleb
Nemelex Xobeh
Okawaru
Qazlal
Trog
Xom
The Shining One

Annotations:
D:6 exclusion: oklob plant


Innate Abilities, Weirdness & Mutations

You are too large for most types of armour.
You have claws for hands.
Your metabolism is lightning-fast.
You like to eat raw meat.
Your natural rate of healing is unusually fast.
You are covered in fur. (AC +1)
You have very tough skin. (AC +2)


Message History

The small abomination completely misses you.
You pass through the gate.
Welcome back to the Dungeon!
Level annotation: exclusion: oklob plant The crimson imp blinks!
The crimson imp laughs crazily.
The small abomination barely misses you.
There is a large open door here.
The crimson imp shouts, "Fly, thou infectious motley-minded mendicant!"
The small abomination hits you. The small abomination hits you.
There is an open door here.
The small abomination hits you but does no damage.
The crimson imp blinks!
There is an open door here.
The small abomination hits you!!
* * * LOW HITPOINT WARNING * * *
There is a staircase to the Ecumenical Temple, spattered with blood here.
The small abomination hits you!
You die...

##'######...#..........
#.....#.##'##....##.###
#.....#..........##.###
#.....'..5''...........
#.........##5..........
##'###'###''...........
####.#.....###....####...
#....#.###.#......## #...
##....'.#@x.'.......###...
#'....#.###.#.............
####...(#.....##.#.#....###.
.......(###'####.#.#....##..
........#.#........([...##..
........)..........#(...# .#
..........#........#..(##
.......##.#.......รท#..##
....... ##........##.#


You could see a small abomination.

Vanquished Creatures
  The ghost of KristoblXynda the Slasher, a novice NaGl of Okawaru (D:6)
  A troll (D:6)
  The ghost of mhoghedin the Sneak, an amateur SpWr of Gozag (D:4)
  A sky beast (D:6)
  2 ice beasts (D:6)
  An ogre (D:6)
  A necrophage (D:6)
  A phantom (D:6)
  3 centaurs
  A bullfrog (D:6)
  A scorpion (D:6)
  A howler monkey (D:6)
  2 crimson imps (D:6)
  A centaur zombie (D:6)
  A bullfrog zombie (D:5)
  3 jellies
  A bullfrog skeleton (D:6)
  2 hounds
  3 orc wizards
  Crazy Yiuf (D:5)
  4 orc priests
  Jessica (D:2)
  5 worker ants
  A hound skeleton (D:6)
  A worker ant zombie (D:5)
  7 gnolls
  7 adders
  2 shadow imps
  An ooze (D:2)
  3 adder zombies
  A dart slug (D:1)
  2 worms (D:5)
  2 leopard geckos
  17 orcs
  7 giant cockroaches
  7 goblins
  4 hobgoblins (D:1)
  12 jackals
  3 quokkas
  A ball python (D:1)
  6 bats
  3 frilled lizards
  A jackal skeleton (D:6)
  6 kobolds
  A quokka zombie (D:6)
  9 rats
143 creatures vanquished.

Vanquished Creatures (others)
  An orc wizard (D:6)
  4 toadstools (D:1)
5 creatures vanquished.

Grand Total: 148 creatures vanquished

Notes
Turn   | Place    | Note
-------+----------+-------------------------------------------
     0 | D:1      | varam the Troll Wizard began the quest for the Orb.
     0 | D:1      | Reached XP level 1. HP: 16/16 MP: 2/2
    92 | D:1      | Reached skill level 1 in Unarmed Combat
   259 | D:1      | Reached XP level 2. HP: 21/24 MP: 4/4
   276 | D:1      | Learned a level 2 spell: Call Imp
   320 | D:1      | Reached skill level 2 in Unarmed Combat
   946 | D:2      | Reached XP level 3. HP: 31/31 MP: 5/5
  1097 | D:2      | Reached skill level 3 in Unarmed Combat
  1271 | D:2      | Reached XP level 4. HP: 39/39 MP: 6/6
  1475 | D:2      | Noticed Jessica
  1482 | D:2      | Killed Jessica
  1482 | D:2      | Reached skill level 4 in Unarmed Combat
  1836 | D:3      | Noticed a centaur
  1848 | D:3      | HP: 1/39 [centaur (7)]
  1849 | D:3      | Killed a centaur
  1849 | D:3      | Reached skill level 5 in Unarmed Combat
  1849 | D:3      | Reached XP level 5. HP: 1/45 MP: 7/7
  2080 | D:3      | Found an iron altar of Okawaru.
  2080 | D:3      | Found a stormy altar of Qazlal.
  2081 | D:3      | Found a bloodstained altar of Trog.
  2083 | D:3      | Found a snail-covered altar of Cheibriados.
  2085 | D:3      | Became a worshipper of Warmaster Okawaru
  2407 | D:4      | Noticed mhoghedin's ghost (amateur SpWr)
  2762 | D:5      | Entered Level 5 of the Dungeon
  2795 | D:5      | Noticed a centaur
  2814 | D:5      | Reached XP level 6. HP: 52/53 MP: 8/8
  2819 | D:5      | Reached skill level 6 in Unarmed Combat
  2973 | D:4      | Killed mhoghedin's ghost
  2973 | D:4      | Reached skill level 7 in Unarmed Combat
  2973 | D:4      | Reached XP level 7. HP: 42/59 MP: 9/9
  3144 | D:4      | Reached * piety under Okawaru
  3400 | D:5      | Reached skill level 8 in Unarmed Combat
  3444 | D:6      | Noticed a troll
  3876 | D:5      | Found an ancient bone altar of Kikubaaqudgha.
  3878 | D:5      | Found a sparkling altar of Nemelex Xobeh.
  3879 | D:5      | Found a glowing golden altar of the Shining One.
  3922 | D:5      | Found a runed door.
  3926 | D:5      | Noticed Crazy Yiuf
  3930 | D:5      | Killed Crazy Yiuf
  3930 | D:5      | Reached skill level 1 in Summonings
  4114 | D:6      | Noticed KristoblXynda's ghost (novice NaGl)
  4203 | D:6      | Reached skill level 1 in Fighting
  4243 | D:6      | Reached skill level 2 in Fighting
  4243 | D:6      | Reached skill level 2 in Summonings
  4256 | D:6      | Reached XP level 8. HP: 60/72 MP: 10/10
  4290 | D:6      | Reached ** piety under Okawaru
  4388 | D:6      | Killed a troll
  4388 | D:6      | Reached skill level 3 in Fighting
  4388 | D:6      | Reached skill level 3 in Summonings
  4521 | D:6      | Reached skill level 4 in Fighting
  4555 | D:6      | Reached skill level 4 in Summonings
  4863 | D:6      | Found a hazy altar of Hepliaklqana.
  4912 | D:6      | Reached XP level 9. HP: 77/87 MP: 11/11
  4959 | D:6      | Killed KristoblXynda's ghost
  4959 | D:6      | Reached *** piety under Okawaru
  4959 | D:6      | Reached skill level 5 in Fighting
  4959 | D:6      | Reached skill level 5 in Summonings
  4967 | D:6      | Found a burning altar of Makhleb.
  4972 | D:6      | Noticed an oklob plant
  5070 | D:6      | Found a staircase to the Ecumenical Temple.
  5109 | D:6      | Found a shimmering altar of Xom.
  5110 | D:6      | Found a burning altar of Makhleb.
  5117 | D:6      | Cast into level 2 of the Abyss (crimson imp)
  5133 | Abyss:2  | Noticed a green death
  5134 | Abyss:2  | Noticed a rakshasa
  5190 | Abyss:2  | Found a corrupted altar of Lugonu.
  5221 | Abyss:2  | Noticed a profane servitor
  5246 | Abyss:2  | Noticed an orb spider
  5248 | Abyss:2  | Noticed a purple very ugly thing
  5248 | Abyss:2  | Noticed a purple very ugly thing
  5248 | Abyss:2  | Noticed a purple very ugly thing
  5258 | Abyss:2  | Noticed a wretched star
  5297 | D:6      | Escaped the Abyss
  5309 | D:6      | Slain by a small abomination

Vault maps used:
D:1:      ldierk_walled_garden_2, serial_park_tiny_1
D:2:      uniq_jessica
D:3:      grunt_temple_overflow_open
D:5:      minitemple, first_ration, minmay_holes, uniq_crazy_yiuf_cottage
D:6:      cheibrodos_fzero, grunt_temple_overflow_champion_of_chaos,
          nicolae_overflow_crystal_walls, minmay_temple_entry_glassed_door,
          grunt_ministairs_7, lemuel_oklob_altar
D:7:      the_bakery

Skill      XL: |  1  2  3  4  5  6  7  8  9 |
---------------+----------------------------+-----
Unarmed Combat | 1 2 3 5 7 8 |  8.2
Summonings     | 2 4 5 |  5.0
Fighting       | 2 4 5 |  5.9
Dodging        | |  1.5
Stealth        | |  1.0
Spellcasting   | |  2.0
Conjurations   | |  0.6
Translocations | |  0.6

Action                   |  1- 3 |  4- 6 |  7- 9 || total
-------------------------+-------+-------+-------++-------
Melee: Unarmed           |   114 |   131 |   256 ||   501
       Punch             |       |     1 |     8 ||     9
Throw: Tomahawk          |       |     2 |    10 ||    12
 Cast: Call Imp          |       |       |     5 ||     5
Invok: Heroism           |       |       |     6 ||     6
Evoke: Wand              |       |       |     1 ||     1
  Use: Scroll            |       |       |    10 ||    10
       Potion            |       |       |     6 ||     6
 Stab: Sleeping          |     4 |     1 |     1 ||     6
  Eat: Chunk             |    12 |    17 |    24 ||    53
Armor: Robe              |    35 |    39 |    70 ||   144
       Skin              |       |       |    10 ||    10
Dodge: Dodged            |    56 |    45 |   106 ||   207

Table legend:
 A = Spawn XP
 B = Non-spawn XP
 C = Spawn XP percentage of total XP
 D = Spawn monster count
 E = Non-spawn monster count
 F = Spawn count percentage of total count
 G = Total turns spent on level
                    A         B        C        D         E        F      G
               +---------+---------+-------+---------+---------+-------+---------
         Total |       0 |    3834 |   0.0 |       0 |     144 |   0.0 |  5309
               +---------+---------+-------+---------+---------+-------+---------
           D:1 |       0 |      35 |   0.0 |       0 |      21 |   0.0 |   879
           D:2 |       0 |     106 |   0.0 |       0 |      18 |   0.0 |   814
           D:3 |       0 |     159 |   0.0 |       0 |      21 |   0.0 |   861
           D:4 |       0 |     281 |   0.0 |       0 |      11 |   0.0 |   690
           D:5 |       0 |     562 |   0.0 |       0 |      28 |   0.0 |   958
           D:6 |       0 |    2654 |   0.0 |       0 |      40 |   0.0 |   780
           D:7 |       0 |      37 |   0.0 |       0 |       5 |   0.0 |   147
               +---------+---------+-------+---------+---------+-------+---------
